 Dungeon Crawl Stone Soup version 0.29-a0-839-g4793fd635e (webtiles) character file.

Game seed: 4536182035922246481

33 Malachi the Cudgeller (level 3, 31/31 HPs)
             Began as a Ghoul Fighter on July 14, 2022.
             Was a Follower of Wu Jian.
             Safely got out of the dungeon.
             The game lasted 00:01:02 (1128 turns).

Malachi the Cudgeller (Ghoul Fighter)               Turns: 1128, Time: 00:01:03

Health: 31/31      AC:  6    Str: 21    XL:     3   Next: 29%
Magic:  2/2        EV:  9    Int:  3    God:    Wu Jian [*.....]
Gold:   57         SH:  4    Dex:  8    Spells: 2/2 levels left

rFire   . . .      SeeInvis .   a - +0 flail
rCold   + . .      Faith    .   c - +0 buckler
rNeg    + + +      Spirit   .   b - +0 scale mail
rPois   ∞          Reflect  .   (no helmet)
rElec   .          Harm     .   (no cloak)
rCorr   .          Rampage  .   (no gloves)
Will    .....                   (no boots)
Stlth   ..........              (no amulet)
HPRegen 0.10/turn               (no ring)
MPRegen 0.08/turn               (no ring)

@: no status effects
A: claws 1, cold resistance 1, negative energy resistance 3, inhibited
regeneration, torment resistance 2, devour on kill
a: Renounce Religion


You escaped.
You worshipped Wu Jian.
Wu Jian was aware of your devotion.
You visited 1 branch of the dungeon, and saw 1 of its levels.

You collected 57 gold pieces.

Inventory:

Hand Weapons
 a - a +0 flail (weapon)
Armour
 b - a +0 scale mail (worn)
 c - a +0 buckler (worn)
Jewellery
 e - an amulet of regeneration
Scrolls
 h - a scroll of blinking {unknown}
 i - 2 scrolls of identify {unknown}
 j - a scroll of immolation {unknown}
Potions
 d - a potion of might
 f - a potion of degeneration {unknown}
 g - a potion of invisibility {unknown}


   Skills:
 - Level 3.2 Fighting
 * Level 3.3 Maces & Flails
 - Level 2.6 Armour
 - Level 2.6 Shields


You had 2 spell levels left.
You didn't know any spells.
Your spell library was empty.

Dungeon Overview and Level Annotations

Branches:
Dungeon (1/15)

Altars:
Wu Jian


Innate Abilities, Weirdness & Mutations

You are immune to poison.
You have sharp fingernails.
Your flesh is cold resistant. (rC+)
You are immune to negative energy. (rN+++)
You do not regenerate when monsters are visible.
You are immune to unholy pain and torment.
You thrive by killing the living.


Message History

No target in view!
You see here a +0 dagger.
You see here a ball python corpse.
Things that are here:
a +0 short sword; a kobold skeleton
Things that are here:
a +0 short sword; a kobold skeleton You see here a ball python skeleton.
You see here a bat skeleton.
Key pressed, stopping explore.
Found a stone staircase leading down.
There is a stone staircase leading down here.
A bat comes into view.
A bat is nearby!
A bat is nearby!
The bat hits you but does no damage. The bat barely misses you.
You barely miss the bat. The bat completely misses you.
You block the bat's attack. The bat closely misses you.
You completely miss the bat. The bat hits you but does no damage.
You lunge at the bat.
You sock the bat!
You kill the bat!
The Council accepts your kill.
No target in view!
No target in view!
No target in view!
No target in view!
No target in view!
No target in view!
No target in view!
No target in view!
No target in view!
Done exploring.
Done exploring.
Done exploring.
Done exploring.
No target in view!
You see here a +0 dagger.
There is a staircase leading out of the dungeon here.
Are you sure you want to leave the Dungeon?
This will make you lose the game!
You have escaped!

#.# #...........# #.###.#.# #.#
##.########.# #..##.#.# #.# ##)##
#.####.##...##
#####.####...#######.##.........#
......##...#......##.##.#.###...#
########.#...####.##.##.#.##.....
....# #.##.## #.##.##.#.##.##..
###.# #.##.#####################
#.# #.......#@.≈≈P....P...# #.#
#..#....#.≈≈.P≈..P...P## #.#
#..######P.≈≈.PP..≈..#≈## #†#
#..# #.P..........#≈≈# #.#
#..######.≈...≈..PP≈.≈≈.#
#.####.......##.....≈....≈≈≈##
#.......######....).P...PP.≈≈#
######### #≈≈..P≈...P...≈.#
##..≈.≈..P≈.≈.≈##


There were no monsters in sight!

Vanquished Creatures
  3 endoplasms (D:1)
  4 goblins (D:1)
  3 hobgoblins (D:1)
  4 kobolds (D:1)
  A quokka (D:1)
  5 ball pythons (D:1)
  6 bats (D:1)
  2 frilled lizards (D:1)
  3 rats (D:1)
31 creatures vanquished.

Notes
Turn   | Place    | Note
-------+----------+-------------------------------------------
     0 | D:1      | Malachi the Ghoul Fighter began the quest for the Orb.
     0 | D:1      | Reached XP level 1. HP: 19/19 MP: 0/0
    85 | D:1      | Reached XP level 2. HP: 24/26 MP: 1/1
   266 | D:1      | Found a faded altar of an unknown god.
   281 | D:1      | Prayed at the altar of an unknown god.
   281 | D:1      | Became a worshipper of the Wu Jian Council
   281 | D:1      | Reached * piety under Wu Jian
   585 | D:1      | Reached XP level 3. HP: 23/31 MP: 2/2
  1128 | D:$      | Safely got out of the dungeon.

Illustrated notes

Levels and vault maps discovered:
D:1:      lemuel_arrival_muddy, layout_loops_ring,
          hellmonk_ecumenical_altar_heavens_door

Skill      XL: |  1  2 |
---------------+-------+-----
Maces & Flails | 2 3 |  3.3
Fighting       | |  3.2
Armour         | |  2.6
Shields        | |  2.6

Action                   || total
-------------------------++-------
Melee: Flail             ||    94
Invok: Lunge             ||     3
Armor: Scale mail        ||    50
Dodge: Dodged            ||    48
Block: Buckler           ||    26

Table legend: (Time is in decaauts)
 A = Elapsed time spent in this place.
 B = Non-inter-level travel time spent in this place.
 C = Inter-level travel time spent in this place.
 D = Time resting spent in this place.
 E = Time spent auto-exploring this place.
 F = Levels seen in this place.
 G = Mean time per level.
                   A        B        C        D        E       F      G
               +--------+--------+--------+--------+--------+-----+--------+
         Total |   1157 |   1113 |     44 |      0 |    916 |   1 | 1157.0 |
       Dungeon |   1157 |   1113 |     44 |      0 |    916 |   1 | 1157.0 |
               +--------+--------+--------+--------+--------+-----+--------+

Top non-repeatable levels by time:
     D:1: 1157 daAuts
